 Dungeon Crawl Stone Soup version 0.25.1-1-g288607f5aa (webtiles) character file.

Game seed: 597497798953071671

1159 aterjum the Slinger (level 8, -1/52 HPs)
             Began as a Halfling Hunter on July 15, 2020.
             Was a Follower of Makhleb.
             Slain by a two-headed ogre
             ... wielding a +0 giant spiked club
              (9 damage)
             ... on level 6 of the Dungeon on July 27, 2020.
             The game lasted 00:47:34 (6811 turns).

aterjum the Slinger (Halfling Hunter)               Turns: 6811, Time: 00:47:35

Health: -1/52      AC:  9    Str: 13    XL:     8   Next: 66%
Magic:  8/8        EV: 12    Int:  9    God:    Makhleb [*.....]
Gold:   263        SH:  0    Dex: 17    Spells: 7/7 levels left

rFire    x . .     SeeInvis .   a - +2 hunting sling
rCold    + . .     Gourm    .   (shield restricted)
rNeg     . . .     Faith    .   m - +2 scale mail {MR+}
rPois    .         Spirit   .   (no helmet)
rElec    .         Reflect  .   (no cloak)
rCorr    .         Harm     .   (no gloves)
MR       +....                  (no boots)
Stlth    +.........             (no amulet)
HPRegen  0.17/turn              j - ring of ice
MPRegen  0.11/turn              (no ring)

@: no status effects
A: small, mutation resistance 1
a: Renounce Religion


You were on level 6 of the Dungeon.
You worshipped Makhleb.
Makhleb was aware of your devotion.
You were hungry.

You visited 2 branches of the dungeon, and saw 7 of its levels.

You collected 263 gold pieces.

Inventory:

Hand Weapons
 a - a +2 hunting sling (weapon)
 b - a +0 short sword
 e - a +0 hand axe of freezing
 g - a +6 vorpal flail
 p - a +1 spear of chaos
Missiles
 h - 49 stones (quivered)
 v - 3 javelins
Armour
 c - a +0 leather armour
 m - a +2 scale mail of magic resistance (worn)
Jewellery
 j - a ring of ice (left hand)
Wands
 d - a wand of polymorph (5)
 s - a wand of flame (20)
Scrolls
 l - a scroll of magic mapping
 n - a scroll of noise
 o - a scroll of silence
 q - a scroll of random uselessness
 t - a scroll of enchant armour {unknown}
 w - a scroll of teleportation {unknown}
 y - a scroll of blinking
 A - 3 scrolls of identify
 B - a scroll of remove curse {unknown}
 C - a scroll of enchant weapon
Potions
 i - a potion of stabbing
 k - a potion of curing
 r - a potion of mutation
 u - a potion of invisibility
 x - a potion of degeneration {unknown}
 z - a potion of brilliance {unknown}
Comestibles
 f - 9 rations


   Skills:
 + Level 3.2 Fighting
 + Level 10.7(11.2) Slings
 * Level 3.7(6.1) Throwing
 * Level 4.8 Armour
 - Level 2.4 Dodging
 + Level 1.8 Stealth
 + Level 1.0 Unarmed Combat


You had 7 spell levels left.
You didn't know any spells.
Your spell library contained the following spells:

 Spells                   Type           Power        Failure   Level  Hunger
 Beastly Appendage        Tmut           #.....       86%         1    ##.....
 Sticks to Snakes         Tmut           #.......     95%         2    ###....
 Spider Form              Tmut/Pois      #.........   99%         3    ####...
 Ice Form                 Ice/Tmut       #.......     100%        4    #####..
 Blade Hands              Tmut           #.........   100%        5    ######.


Dungeon Overview and Level Annotations

Branches:
Dungeon (6/15)             Temple (1/1) D:6

Altars:
Cheibriados
Dithmenos
Elyvilon
Fedhas
Hepliaklqana
Kikubaaqudgha
Makhleb
Nemelex Xobeh
Okawaru
Ru
Trog
Uskayaw
Vehumet
Xom
Yredelemnul
Zin
The Shining One


Innate Abilities, Weirdness & Mutations

You are small and have problems with some larger weapons.
You are somewhat resistant to further mutation.


Message History

Press: ? - help, Shift-Dir - straight line, f/p - two-headed ogre
Aim: a two-headed ogre, wielding a +0 giant spiked club and a +0 giant club You shoot a stone.
The stone hits the two-headed ogre.
The two-headed ogre is lightly wounded.
The two-headed ogre hits you with a +0 giant spiked club!
* * * LOW HITPOINT WARNING * * *
The two-headed ogre hits you but does no damage.
You see here a stone.
The two-headed ogre hits you with a +0 giant spiked club!
* * * LOW HITPOINT WARNING * * *
The two-headed ogre closely misses you.
You are feeling hungry.
Firing (i - inventory)
h - 50 stones (quivered)
Press: ? - help, Shift-Dir - straight line, f/p - two-headed ogre
Aim: a two-headed ogre, wielding a +0 giant spiked club and a +0 giant club You shoot a stone.
The stone barely misses the two-headed ogre.
The two-headed ogre closely misses you.
The two-headed ogre hits you with a +0 giant club!
You die...

≈≈.≈....##..........##..#.#
P≈≈.....)'..........##..#.#
......####..........##..#.#######
.....## #.......................
....## #..............#.###...#
#..## #..............#.#.# . ####
##########.#...#.#.#.#
#........#.#.........#..##
#........@.#.....#.#.#...#
#.......O###.....#.#(#.8..
####+#.(...'.....#.#.#...
#.#####.....#.#.#..## #.#
#.....#.#.#...# #.#
####(.#.#.#.8O.
#.########..#.#......
#.#.........#.#####.. .
#..........##.....#.#


You could see a two-headed ogre.

Vanquished Creatures
  Grinder (D:4)
  Edmund (D:4)
  A phantom (D:5)
  2 ogres (D:5)
  A scorpion (D:4)
  3 electric eels (D:6)
  2 crimson imps (D:5)
  A quasit (D:5)
  An orc priest (D:5)
  An iguana (D:4)
  An orc wizard (D:5)
  2 worker ants (D:5)
  5 gnolls (D:2)
  8 adders
  A shadow imp (D:5)
  A worm (D:2)
  3 leopard geckos
  14 orcs
  6 bats
  4 giant cockroaches
  2 gnoll zombies (D:4)
  3 goblins
  5 hobgoblins
  11 jackals
  A kobold (D:1)
  A quokka (D:2)
  6 frilled lizards
  5 rats
93 creatures vanquished.

Notes
Turn   | Place    | Note
-------+----------+-------------------------------------------
     0 | D:1      | aterjum the Halfling Hunter began the quest for the Orb.
     0 | D:1      | Reached XP level 1. HP: 14/14 MP: 1/1
    63 | D:1      | Upgraded the game from 0.25.0-46-gbd7b0854d2 to
                  | 0.25.1-1-g288607f5aa
    85 | D:1      | Reached skill level 6 in Slings
   369 | D:1      | Reached XP level 2. HP: 19/19 MP: 2/2
   895 | D:1      | Reached skill level 1 in Armour
  1032 | D:2      | Reached XP level 3. HP: 24/24 MP: 3/3
  1292 | D:2      | Reached XP level 4. HP: 29/29 MP: 4/4
  1338 | D:2      | Reached skill level 7 in Slings
  1397 | D:2      | Found a shimmering altar of Xom.
  1580 | D:2      | You fall into a shaft and drop 1 floor!
  1582 | D:3      | Reached skill level 1 in Throwing
  1751 | D:3      | Reached XP level 5. HP: 31/34 MP: 5/5
  2000 | D:4      | Noticed Edmund
  2053 | D:4      | Killed Edmund
  2053 | D:4      | Reached skill level 8 in Slings
  2053 | D:4      | Reached XP level 6. HP: 28/40 MP: 6/6
  2212 | D:4      | Noticed Grinder
  2237 | D:4      | Killed Grinder
  2237 | D:4      | Reached skill level 9 in Slings
  2237 | D:4      | Reached XP level 7. HP: 13/45 MP: 7/7
  3365 | D:4      | Found a basalt altar of Yredelemnul.
  3449 | D:4      | Found a burning altar of Makhleb.
  3474 | D:4      | Became a worshipper of Makhleb the Destroyer
  3612 | D:5      | Entered Level 5 of the Dungeon
  3824 | D:5      | Reached skill level 1 in Unarmed Combat
  3945 | D:5      | Found a sparkling altar of Nemelex Xobeh.
  3981 | D:5      | Found an iron altar of Okawaru.
  3983 | D:5      | Found a shadowy altar of Dithmenos.
  4073 | D:5      | Reached XP level 8. HP: 33/51 MP: 8/8
  4724 | D:5      | Reached skill level 10 in Slings
  4887 | D:5      | Reached * piety under Makhleb
  5380 | D:6      | Found a blossoming altar of Fedhas.
  6387 | D:6      | Found a staircase to the Ecumenical Temple.
  6455 | Temple   | Entered the Ecumenical Temple
  6697 | D:6      | Noticed a two-headed ogre
  6811 | D:6      | Slain by a two-headed ogre

Illustrated notes

Levels and vault maps discovered:
D:1:      saegor_arrival_simple_c, layout_loops_cross, grunt_decor_mini_mirrors,
          minmay_tetromino_o2
D:2:      layout_rooms, tgw_xom, first_ration
D:3:      layout_rooms, grunt_decor_one_mirror
D:4:      layout_loops_corners, nicolae_overflow_crystal_walls,
          lemuel_zombie_altar_yredelemnul, uniq_grinder, uniq_edmund
D:5:      minmay_diamond_boxcup, layout_basic, nicolae_overflow_hidden_temple
D:6:      layout_basic, minmay_temple_entry_mini_moons, basic_altar,
          solitary_fountain, moated_statue, minmay_misc_feat_four_crosses,
          chequers_big_river, uniq_crazy_yiuf_cottage, uniq_blork_the_orc
Temple:   jpeg_temple_clearing

Skill      XL: |  1  2  3  4  5  6  7  8 |
---------------+-------------------------+-----
Slings         | 6 7 8 9 10 | 10.7
Armour         | 1 2 3 4 |  4.8
Fighting       | 2 3 |  3.2
Throwing       | 1 2 3 |  3.7
Unarmed Combat | 1 |  1.0
Dodging        | |  2.4
Stealth        | |  1.8

Action                   |  1- 3 |  4- 6 |  7- 9 || total
-------------------------+-------+-------+-------++-------
Melee: Hunting sling     |    16 |       |    63 ||    79
       Unarmed           |       |    17 |       ||    17
 Fire: Hunting sling     |    90 |    88 |   217 ||   395
  Use: Potion            |     1 |     1 |       ||     2
       Scroll            |       |     2 |     8 ||    10
 Stab: Confused          |       |     2 |       ||     2
  Eat: Chunk             |     1 |     3 |     3 ||     7
       Ration            |       |       |     3 ||     3
Armor: Leather armour    |    13 |     7 |       ||    20
       Scale mail        |       |     3 |    38 ||    41
Dodge: Dodged            |    61 |    24 |    73 ||   158
